 Dungeon Crawl Stone Soup version 0.31.0-11-ge490571c62 (webtiles) character file.

Game seed: 14435222144246669021

3245 Persephone the Grappler (level 9, -5/47 (49) HPs)
             Began as a Vine Stalker Berserker on Jan 29, 2024.
             Was an Elder of Trog.
             Slain by a wight
             ... wielding a +0 hand axe
              (6 damage)
             ... on level 8 of the Dungeon.
             The game lasted 00:15:10 (6512 turns).

Persephone the Grappler (Vine Stalker Berserker)    Turns: 6512, Time: 00:15:11

HP:   -5/47 (49)    AC: 16    Str: 24    XL:     9   Next: 99%
MP:   0/10          EV:  7    Int:  7    God:    Trog [****..]
Gold: 295           SH:  0    Dex: 14    Spells: 8/8 levels left

rFire   . .          .
                       - Unarmed
rCold   . . .        (no shield)
rNeg    . . .        z - +0 plate armour
rPois   .            (no helmet)
rElec   .            (no cloak)
rCorr   .            t - +0 pair of gloves
SInv    .            l - +1 pair of boots
Will    +++..        k - amulet of regeneration Stlth
                     (no ring)
HPRegen 2.87/turn    (no ring)
MPRegen 0.12/turn

%: guardian spirit
@: lethally poisoned (-5 -> -6), about to teleport, strong-willed, on berserk
cooldown, regenerating, slowed, lightly drained, very slow
A: fangs 3, regeneration 1, magic shield, antimagic bite, no potion heal 2
a: Renounce Religion, Berserk, Trog's Hand, Brothers in Arms


You were on level 8 of the Dungeon.
You worshipped Trog.
Trog was greatly pleased with you.
You visited 1 branch of the dungeon, and saw 8 of its levels.
You also visited: Sewer.

You collected 295 gold pieces.

Inventory:

Missiles
 a - a throwing net
 h - 10 javelins (quivered)
 i - 6 boomerangs
Armour
 l - a +1 pair of boots (worn)
 t - a +0 pair of gloves (worn)
 z - a +0 plate armour (worn)
Jewellery
 k - an amulet of regeneration (around neck)
Wands
 b - a wand of polymorph (6)
 y - a wand of paralysis (2)
Scrolls
 f - 4 scrolls of immolation
 g - 3 scrolls of enchant armour
 r - a scroll of fear
 s - 3 scrolls of teleportation
 u - 2 scrolls of noise {unknown}
 v - a scroll of poison
 w - a scroll of fog
 x - 2 scrolls of enchant weapon
 A - a scroll of identify
Potions
 c - 3 potions of brilliance
 d - 2 potions of heal wounds
 j - 2 potions of degeneration {unknown}
 m - 3 potions of attraction {unknown}
 n - a potion of resistance {unknown}
 o - a potion of might {unknown}
 p - a potion of experience {unknown}
 q - 4 potions of magic {unknown}


   Skills:
 + Level 6.8 Fighting
 + Level 5.9 Armour
 - Level 1.5 Dodging
 * Level 10.2 Unarmed Combat


You had 8 spell levels left.
You didn't know any spells.
Your spell library was empty.

Dungeon Overview and Level Annotations

Branches:
Dungeon (8/15)             Temple (0/1) D:4           Sewer (visited)
   Lair: D:8-11

Altars:
Uskayaw

Shops:
D:3 =   D:5 :


Innate Abilities, Weirdness & Mutations

You have razor-sharp teeth.
Your natural rate of healing is unusually fast.
When hurt, damage is shared between your health and your magic reserves.
Your bite disrupts and absorbs the magic of your enemies.
Potions cannot restore your health.


Message History

You feel strong-willed.
You feel very sick.
The gnoll sergeant hits you with a +3 trident of venom.
You are more poisoned.
The wight hits you but does no damage.
You barely miss the gnoll sergeant. Your bite misses the gnoll sergeant.
The gnoll sergeant is almost dead.
You feel very sick.
A wight comes into view. It is wielding a +3 trident.
The wight hits you but does no damage.
The gnoll sergeant hits you but does no damage.
You are more poisoned.
The wight hits you from afar with a +4 spear!
* * * LOW HITPOINT WARNING * * *
The gnoll sergeant closely misses you.
The wight hits you from afar with a +4 spear.
* * * LOW HITPOINT WARNING * * *
You feel drained.
* * * LOW HITPOINT WARNING * * *
The wight hits you but does no damage.
Your system rejects the healing.
You feel better. The wight hits you but does no damage.
A wight comes into view. It is wielding a +4 scimitar.
The gnoll sergeant completely misses you.
The wight hits you but does no damage.
As you read the scroll of teleportation, it crumbles to dust.
You feel strangely unstable. The wight hits you but does no damage.
The gnoll sergeant hits you with a +3 trident of venom.
* * * LOW HITPOINT WARNING * * *
You are poisoned.
The wight hits you from afar with a +4 spear.
* * * LOW HITPOINT WARNING * * *
You feel drained.
* * * LOW HITPOINT WARNING * * *
A wight comes into view. It is wielding a +0 battleaxe.
The gnoll sergeant hits you with a +3 trident of venom.
* * * LOW HITPOINT WARNING * * *
You are more poisoned.
The wight hits you but does no damage. The wight hits you with a +0 hand axe.
You die...

##.#.## ..## ......
.... ##....###..#
..........#
###.#......#
..........#
######.#.##...#
#...g@zzz†z...#
#.####.#.##z(######.
#.#.##.<.......
#.#.##.#.#####.
#.#.##.#.#
#.#.##.#.#
#.#z##.#.#
#.#..#.#.# #.#..


You could see a gnoll sergeant and 5 wights.

Vanquished Creatures
  A hornet (D:8)
  A shadow (D:7)
  A wyvern (D:7)
  A steam dragon (D:6)
  Menkaure (D:4)
  A water moccasin (D:6)
  Edmund (D:4)
  An orc warrior (D:7)
  A sky beast (D:7)
  2 ice beasts
  3 black bears
  3 ogres
  3 kobold brigands
  5 scorpions
  2 bullfrogs
  A howler monkey (D:5)
  2 bombardier beetles
  A jelly (D:8)
  2 orc priests (D:6)
  A gnoll bouda (D:7)
  2 hounds
  A sleepcap (D:6)
  4 iguanas
  Natasha (D:4)
  2 orc wizards
  8 gnolls
  11 adders
  2 ufetubi (D:6)
  4 dart slugs
  A ribbon worm (D:3)
  21 orcs
  4 ball pythons
  7 bats
  6 endoplasms
  4 giant cockroaches
  5 goblins
  4 hobgoblins
  2 jackals (D:1)
  5 quokkas
  7 frilled lizards
  19 kobolds
  3 rats
157 creatures vanquished.

Notes
Turn   | Place    | Note
-------+----------+-------------------------------------------
     0 | D:1      | Persephone the Vine Stalker Berserker began the quest for
                  | the Orb.
     0 | D:1      | Reached XP level 1. HP: 11/11 MP: 2/2
   113 | D:1      | Reached XP level 2. HP: 9/16 MP: 1/3
   715 | D:1      | Reached XP level 3. HP: 20/20 MP: 4/4
  1101 | D:2      | Reached ** piety under Trog
  1293 | D:2      | Reached skill level 4 in Unarmed Combat
  1293 | D:2      | Reached XP level 4. HP: 24/24 MP: 5/5
  2197 | D:3      | Found a glowing drain.
  2212 | Sewer    | Entered a sewer
  2267 | Sewer    | Noticed a kobold brigand
  2274 | Sewer    | Killed a kobold brigand
  2275 | Sewer    | Reached XP level 5. HP: 28/28 MP: 4/6
  2434 | Sewer    | Noticed a kobold brigand
  2441 | Sewer    | Killed a kobold brigand
  2442 | Sewer    | Reached skill level 5 in Unarmed Combat
  2442 | Sewer    | Reached XP level 6. HP: 33/33 MP: 5/7
  2713 | D:3      | Found a hide-covered altar of Uskayaw.
  2991 | D:3      | Found Guur Dowk's Jewellery Shop.
  3203 | D:4      | Reached *** piety under Trog
  3292 | D:4      | Noticed Edmund
  3300 | D:4      | Killed Edmund
  3301 | D:4      | Reached XP level 7. HP: 37/37 MP: 8/8
  3341 | D:4      | Noticed Menkaure
  3351 | D:4      | Killed Menkaure
  3352 | D:4      | Reached skill level 6 in Unarmed Combat
  3374 | D:4      | Noticed Natasha
  3380 | D:4      | Killed Natasha
  3643 | D:4      | Found a staircase to the Ecumenical Temple.
  3891 | D:5      | Entered Level 5 of the Dungeon
  3947 | D:5      | Gained mutation: You have razor-sharp teeth. [Vine Stalker
                  | growth]
  3947 | D:5      | Reached XP level 8. HP: 42/42 MP: 9/9
  4009 | D:5      | Reached skill level 7 in Unarmed Combat
  4240 | D:5      | Reached skill level 5 in Fighting
  4527 | D:5      | Found Dyon's Book Shoppe.
  4691 | D:6      | Reached skill level 8 in Unarmed Combat
  4776 | D:6      | Reached XP level 9. HP: 48/48 MP: 6/10
  5022 | D:6      | Identified the +9 sling "Ysuss" {freeze, rF+}
  5097 | D:6      | Reached **** piety under Trog
  5098 | D:6      | Reached skill level 5 in Armour
  5727 | D:7      | Reached skill level 9 in Unarmed Combat
  6491 | D:8      | Noticed a hornet
  6492 | D:8      | Reached skill level 10 in Unarmed Combat
  6498 | D:8      | Killed a hornet
  6512 | D:8      | HP: 1/47 [gnoll sergeant/+3 trident of venom (5)]
  6512 | D:8      | Slain by a wight

Illustrated notes

Levels and vault maps discovered:
D:1:      nzn_arrival_settlement, layout_basic, grunt_decor_one_mirror,
          st_stairs_4, hangedman_decor_slide_cut
D:2:      layout_basic
D:3:      layout_rooms, lemuel_coloured_pillars_altar, serial_shops,
          nicolae_lakefront_shop, cheibrodos_sewer_entry_drain,
          minmay_large_rounded_square
D:4:      layout_loops_ring, minmay_temple_entry_nine_rooms, uniq_edmund,
          uniq_menkaure, uniq_natasha
D:5:      layout_loops_cross, serial_shops, shop, minmay_crystal_room,
          nrook_mini_vaults
D:6:      layout_basic, minmay_quadrilaterals
D:7:      layout_basic
D:8:      layout_basic, mainiacjoe_overflow_cross_hatched, tso_metal_star,
          lightli_corner_chamber

Skill      XL: |  1  2  3  4  5  6  7  8  9 |
---------------+----------------------------+-----
Fighting       | 3 4 5 6 |  6.8
Armour         | 2 3 4 5 |  5.9
Unarmed Combat | 4 5 6 8 10 | 10.2
Dodging        | |  1.5

Action                     |  1- 3 |  4- 6 |  7- 9 || total
---------------------------+-------+-------+-------++-------
  Melee: Unarmed           |   105 |   113 |   275 ||   493
         Bite              |    15 |    34 |    86 ||   135
         Punch             |     2 |     4 |    21 ||    27
 Invoke: Berserk           |     1 |     3 |     3 ||     7
         Trog's Hand       |       |       |     5 ||     5
    Use: Scroll            |     3 |     7 |     7 ||    17
         Potion            |       |       |     2 ||     2
   Stab: Sleeping          |     2 |       |       ||     2
 Armour: Animal skin       |    41 |       |       ||    41
         Ring mail         |    31 |    53 |       ||    84
         Chain mail        |       |    18 |    51 ||    69
         Plate armour      |       |       |   158 ||   158
  Dodge: Dodged            |    65 |    47 |    91 ||   203
